 Dungeon Crawl Stone Soup version 0.25.1-2-g60ff931df9 (webtiles) character file.

Game seed: 7068452588804510594

20244 gruber the Earth Mage (level 12, -1/66 HPs)
             Began as an Octopode Earth Elementalist on Nov 3, 2020.
             Was a Believer of Vehumet.
             Slain by a death yak (19 damage)
             ... on level 3 of the Lair of Beasts.
             The game lasted 00:22:23 (17080 turns).

gruber the Earth Mage (OpEE)                       Turns: 17080, Time: 00:22:24

Health: -1/66      AC:  5    Str: 13    XL:     12   Next: 77%
Magic:  9/30       EV:  7    Int: 22    God:    Vehumet [**....]
Gold:   482        SH:  0    Dex: 13    Spells: 10/23 levels left

rFire    . . .     SeeInvis .   W - +8 whip "Snakebite" {curare, rPois}
rCold    . . .     Gourm    .   C - +2 buckler
rNeg     + . .     Faith    .   (helmet restricted)
rPois    +         Spirit   .   p - amulet of reflection
rElec    .         Reflect  +   h - ring of poison resistance
rCorr    .         Harm     .   k - +4 ring of protection
MR       .....                  r - ring of positive energy
Stlth    +++++.....             u - +4 ring of slaying
HPRegen  0.21/turn              v - +6 ring of strength
MPRegen  0.22/turn              e - ring of magical power
                                (no ring)
                                (no ring)

@: held
A: almost no armour, stealthy swim, amphibious, 8 rings, constrict 8, camouflage
1, gelatinous body 1
a: Renounce Religion


You were on level 3 of the Lair of Beasts.
You worshipped Vehumet.
Vehumet was pleased with you.
You were very hungry.

You visited 3 branches of the dungeon, and saw 14 of its levels.

You collected 755 gold pieces.
You spent 273 gold pieces at shops.

Inventory:

Hand Weapons
 W - the +8 whip "Snakebite" (weapon) {curare, rPois}
   (You found it on level 3 of the Lair of Beasts)

   It poisons the flesh of those it strikes.
   It protects you from poison.
Missiles
 b - 200 stones (quivered)
Armour
 C - a +2 buckler (worn)
Jewellery
 e - a ring of magical power (on tentacle)
 h - a ring of poison resistance (left tentacle)
 k - a +4 ring of protection (right tentacle)
 p - an amulet of reflection (around mantle)
 r - a ring of positive energy (on tentacle)
 u - a +4 ring of slaying (on tentacle)
 v - a +6 ring of strength (on tentacle)
 G - an uncursed ring of ice
Wands
 j - a wand of acid (10)
 x - a wand of enslavement (7)
 z - a wand of paralysis (17)
 I - a wand of random effects (57)
 J - a wand of flame (28)
 P - a wand of iceblast (8)
 S - a wand of disintegration (19)
Scrolls
 d - 4 scrolls of noise {unknown}
 g - 3 scrolls of magic mapping {unknown}
 i - 8 scrolls of identify {unknown}
 m - 8 scrolls of remove curse
 n - 2 scrolls of immolation {unknown}
 q - 4 scrolls of amnesia {unknown}
 t - 11 scrolls of teleportation
 w - 4 scrolls of enchant weapon {unknown}
 y - a scroll of fear {unknown}
 A - 3 scrolls of enchant armour {unknown}
 H - 2 scrolls of blinking {unknown}
 K - 2 scrolls of random uselessness {unknown}
 Q - 2 scrolls of brand weapon {unknown}
 V - a scroll of fog {unknown}
Potions
 a - 3 potions of lignification
 f - 5 potions of flight
 l - 2 potions of stabbing {unknown}
 o - 2 potions of degeneration {unknown}
 s - a potion of resistance {unknown}
 B - 6 potions of curing {unknown}
 E - 3 potions of mutation {unknown}
 L - a potion of cancellation {unknown}
 M - 2 potions of magic {unknown}
 N - a potion of heal wounds {unknown}
 O - 3 potions of berserk rage {unknown}
 R - a potion of haste {unknown}
 T - a potion of brilliance {unknown}
 U - a potion of might {unknown}
Comestibles
 c - 32 rations


   Skills:
 + Level 0.2 Maces & Flails
 - Level 2.0 Dodging
 * Level 7.5 Stealth
 - Level 5.1 Shields
 - Level 6.1 Spellcasting
 - Level 10.1 Conjurations
 - Level 1.0 Transmutations
 - Level 15.1 Earth Magic


You had 10 spell levels left.
You knew the following spells:

 Your Spells              Type           Power        Failure   Level  Hunger
a - Sandblast             Erth           ######       1%          1    None
b - Stone Arrow           Conj/Erth      ######       1%          3    #......
c - Petrify               Tmut/Erth      #####...     3%          4    ###....
d - Lee's Rapid Deconstr  Erth           ######....   1%          5    #####..

Your spell library contained the following spells:

 Spells                   Type           Power        Failure   Level  Hunger
 Dazzling Flash           Conj/Hex       ####..       3%          3    #......
 Shock                    Conj/Air       ####         1%          1    None
 Passwall                 Tmut/Erth      #####...     1%          2    None
 Static Discharge         Conj/Air       ####....     3%          3    #......
 Swiftness                Chrm/Air       #.......     14%         2    None
 Confusing Touch          Hex            #.......     26%         3    #......
 Gell's Gravitas          Tloc           #.........   26%         3    #......
 Lightning Bolt           Conj/Air       ####......   30%         5    #####..
 Airstrike                Air            #.........   65%         4    ###....
 Yara's Violent Unravell  Hex/Tmut       #.........   90%         5    #####..
 Metabolic Englaciation   Hex/Ice        #.........   94%         5    #####..


Dungeon Overview and Level Annotations

Branches:
Dungeon (10/15)            Temple (1/1) D:4            Lair (3/6) D:8
  Swamp (0/4) Lair:3
  Snake: Lair:2-4    Spider: Lair:2-4       Orc: D:9-12

Altars:
Ashenzari
Cheibriados
Dithmenos
Elyvilon
Fedhas
Gozag
Hepliaklqana
Kikubaaqudgha
Makhleb
Nemelex Xobeh
Okawaru
Qazlal
Ru
Sif Muna
Trog
Uskayaw
Vehumet
Wu Jian
Xom
Yredelemnul
Zin
The Shining One

Shops:
D:5 *   D:9 [


Innate Abilities, Weirdness & Mutations

You cannot wear most types of armour.
You are very stealthy in the water. (Stealth+)
You are amphibious.
You can wear up to eight rings at the same time.
You can use your tentacles to constrict eight enemies at once.
Your skin changes colour to match your surroundings (Stealth+).
Your rubbery body absorbs attacks. (AC +1, EV +1)


Message History

Evoke which item? (* to show all) (? for menu, Esc to quit)
Okay, then.
You block the death yak's attack.
You are feeling very hungry.
A jumping spider comes into view.
A tyrant leech comes into view.
The jumping spider hisses angrily.
The jumping spider leaps!
The death yak gores you but does no damage.
The jumping spider leaps!
The jumping spider leaps!
The jumping spider closely misses you. The jumping spider bites you!
The jumping spider pounces on you!
You are caught in a web!
The jumping spider bites you.
There is a web, spattered with blood here.
The web tears apart.
The jumping spider pounces on you.
You are caught in a web!
The jumping spider bites you!
* * * LOW HITPOINT WARNING * * *
The death yak gores you!!
You die...

##### ## ##P#.##### ##.
##P.P..#..# ##.. ####.........#
###.## #....Y......P## #..###
#.............# ##.# # #
###...##Y..YY...# #.###
###......#.#.##Y..## ##.##
.....#.P....###s@..# #..##
.......wPP...##.<.P## ##..#
............#......P###########.#
.Y..................##.#....# #.#
♣♣.............P..........#.# #.#
§♣♣......................#### #..
§§♣.......................# ###..
§§♣.............##.......## #.#.#
§♣♣.............##.......# ##...


You could see 4 death yaks and a jumping spider.

Vanquished Creatures
  2 hydras
  2 two-headed ogres
  3 black mambas
  Joseph (D:9)
  3 spiny frogs
  5 komodo dragons
  A troll (D:10)
  Grinder (D:6)
  Prince Ribbit (D:7)
  3 hippogriffs
  7 blink frogs (Lair:1)
  2 dream sheep (D:8)
  8 yaks
  A vampire (D:10)
  2 basilisks (Lair:2)
  2 wyverns
  A hungry ghost (D:7)
  A swamp worm (Lair:3)
  7 porcupines
  9 water moccasins
  5 sky beasts
  A black bear (D:8)
  A phantom (D:10)
  6 orc warriors
  10 ice beasts
  6 ogres
  A necrophage (D:9)
  5 wolves (Lair:3)
  3 centaurs
  3 crocodiles
  3 big kobolds (D:8)
  18 bullfrogs
  4 scorpions
  A water moccasin skeleton (D:10)
  10 killer bees
  A howler monkey (D:7)
  5 crimson imps
  3 quasits (D:10)
  A bullfrog zombie (D:9)
  6 hounds
  3 orc priests
  5 bullfrog skeletons
  A gnoll shaman (D:6)
  7 jellies
  13 orc wizards
  A centaur skeleton (D:9)
  3 iguanas
  5 worker ants
  Ijyb (D:4)
  Natasha (thrice) (D:2)
  A hound skeleton (D:6)
  A mummy (D:9)
  A howler monkey zombie (D:8)
  A worker ant zombie (D:8)
  10 gnolls
  14 adders
  A shadow imp (D:7)
  An adder skeleton (D:4)
  3 worms
  2 dart slugs
  3 leopard geckos
  38 orcs
  A ball python (D:3)
  A bat (D:2)
  5 giant cockroaches
  3 goblins
  2 hobgoblins (D:3)
  7 jackals
  A quokka (D:4)
  5 frilled lizards
  7 kobolds
  2 leopard gecko skeletons
  5 rats
  A plant (D:8)
313 creatures vanquished.

Vanquished Creatures (others)
  22 fungi
  4 plants
26 creatures vanquished.

Grand Total: 339 creatures vanquished

Notes
Turn   | Place    | Note
-------+----------+-------------------------------------------
     0 | D:1      | gruber the Octopode Earth Elementalist began the quest for
                  | the Orb.
     0 | D:1      | Reached XP level 1. HP: 11/11 MP: 3/3
   450 | D:1      | Reached XP level 2. HP: 17/17 MP: 5/5
  1146 | D:2      | Reached skill level 4 in Earth Magic
  1146 | D:2      | Reached XP level 3. HP: 6/21 MP: 3/6
  1169 | D:2      | HP: 1/31 [poisoned by an adder]
  1468 | D:2      | Noticed Natasha
  1475 | D:2      | Killed Natasha
  2291 | D:2      | Noticed Natasha
  2298 | D:2      | Killed Natasha
  2298 | D:2      | Reached skill level 5 in Earth Magic
  2298 | D:2      | Reached XP level 4. HP: 27/27 MP: 7/7
  2360 | D:2      | Noticed Natasha
  2366 | D:2      | Killed Natasha
  2715 | D:3      | Reached XP level 5. HP: 31/31 MP: 5/8
  2779 | D:3      | Reached skill level 6 in Earth Magic
  3430 | D:4      | Noticed an ogre
  3582 | D:3      | Learned a level 3 spell: Stone Arrow
  3587 | D:3      | Learned a level 4 spell: Petrify
  3633 | D:4      | Reached XP level 6. HP: 26/36 MP: 3/9
  3898 | D:4      | Reached skill level 7 in Earth Magic
  3982 | D:4      | Reached XP level 7. HP: 33/41 MP: 1/10
  4066 | D:4      | Found a staircase to the Ecumenical Temple.
  4080 | D:4      | Noticed Ijyb
  4115 | D:4      | Reached skill level 8 in Earth Magic
  4120 | D:4      | Killed Ijyb
  4437 | D:5      | Entered Level 5 of the Dungeon
  4773 | D:5      | Found a glowing silver altar of Zin.
  4866 | D:5      | Found a blossoming altar of Fedhas.
  4999 | Temple   | Entered the Ecumenical Temple
  5500 | D:5      | Found Dunaq's General Store.
  5506 | D:5      | Bought a scroll of teleportation for 42 gold pieces
  5506 | D:5      | Bought a +2 buckler for 231 gold pieces
  5674 | D:6      | Reached skill level 9 in Earth Magic
  5868 | D:6      | Reached XP level 8. HP: 46/46 MP: 6/11
  5935 | D:6      | Reached skill level 1 in Shields
  6212 | D:6      | Noticed Grinder
  6224 | D:6      | Killed Grinder
  6348 | D:6      | Reached skill level 5 in Shields
  6600 | D:7      | Reached XP level 9. HP: 51/51 MP: 10/15
  6673 | D:7      | Reached skill level 5 in Spellcasting
  6944 | D:7      | Noticed Prince Ribbit
  6954 | D:7      | Killed Prince Ribbit
  7284 | D:7      | Reached skill level 1 in Conjurations
  7509 | D:6      | Learned a level 5 spell: Lee's Rapid Deconstruction
  7766 | D:8      | Found a burning altar of Makhleb.
  7837 | D:8      | Reached skill level 5 in Conjurations
  7867 | D:8      | Noticed a two-headed ogre
  7890 | D:8      | Killed a two-headed ogre
  7890 | D:8      | Reached XP level 10. HP: 12/56 MP: 13/19
  8232 | D:8      | Noticed a two-headed ogre
  8755 | D:8      | Found a staircase to the Lair.
  9461 | D:8      | Reached skill level 10 in Conjurations
  9474 | D:8      | Found an ancient bone altar of Kikubaaqudgha.
  9653 | D:8      | Noticed a two-headed hydra
  9658 | D:8      | Killed a two-headed hydra
  9658 | D:8      | Reached skill level 10 in Earth Magic
  9658 | D:8      | Reached XP level 11. HP: 61/61 MP: 8/20
  9832 | D:8      | Found a radiant altar of Vehumet.
  9838 | D:8      | Became a worshipper of Vehumet
 10328 | D:9      | Noticed Joseph
 10343 | D:9      | Killed Joseph
 10442 | D:9      | Reached skill level 11 in Earth Magic
 10831 | D:9      | Found Qoiwniach's Antique Armour Shop.
 11113 | D:9      | Found a shimmering blue altar of Sif Muna.
 11161 | D:9      | Found a snail-covered altar of Cheibriados.
 11181 | D:10     | Entered Level 10 of the Dungeon
 11247 | D:9      | Reached * piety under Vehumet
 11247 | D:9      | Offered knowledge of Freeze by Vehumet.
 11313 | D:10     | Noticed a two-headed ogre
 11319 | D:10     | Killed a two-headed ogre
 11515 | D:10     | Reached skill level 12 in Earth Magic
 12676 | Lair:1   | Entered Level 1 of the Lair of Beasts
 12891 | Lair:1   | Reached skill level 13 in Earth Magic
 12968 | Lair:1   | You fall into a shaft and drop 1 floor!
 13057 | Lair:1   | Offered knowledge of Foxfire by Vehumet.
 13060 | Lair:1   | Reached ** piety under Vehumet
 13391 | Lair:1   | Reached XP level 12. HP: 66/66 MP: 20/21
 13920 | Lair:2   | Reached skill level 14 in Earth Magic
 14550 | Lair:2   | Noticed an eight-headed hydra
 14558 | Lair:2   | Killed an eight-headed hydra
 15521 | Lair:3   | Reached skill level 15 in Earth Magic
 15591 | Lair:3   | Offered knowledge of Dazzling Flash by Vehumet.
 16073 | Lair:3   | Reached skill level 5 in Stealth
 16423 | Lair:3   | Found the +8 whip "Snakebite" {curare, rPois}
 16616 | Lair:3   | Found a staircase to the Swamp.
 16980 | Lair:3   | Noticed a death yak
 16981 | Lair:3   | Noticed a death yak
 16981 | Lair:3   | Noticed a death yak
 16982 | Lair:3   | Noticed a death yak
 16982 | Lair:3   | Noticed a death yak
 16982 | Lair:3   | Noticed a death yak
 17080 | Lair:3   | Slain by a death yak

Illustrated notes

Levels and vault maps discovered:
D:1:      dpeg_arrival_shelter, layout_loops_ring, minivault_23,
          roderic_lattice_a
D:2:      layout_loops_ring, hangedman_decor_peaks_small, dk_noncrumbling_4,
          uniq_natasha
D:3:      layout_basic
D:4:      layout_cave_pools, minmay_temple_entry_tees, first_ration, uniq_ijyb
D:5:      layout_loops_ring, zin_academy, kennysheep_little_box, serial_shops,
          nicolae_shop_trees, minmay_holes
D:6:      layout_basic, uniq_grinder
D:7:      layout_loops_ring, uniq_prince_ribbit1
D:8:      layout_loops_ring, old_standard_altar, kiku_gazebo_garden_becter,
          old_standard_altar, due_lair_maze_entry_diamond, enter_bailey_6,
          hangedman_ranch [blue_anna_fruit_fields], kennysheep_cluttered_room
D:9:      layout_rooms, slow_altar_2, lemuel_blue_sif_altar, serial_shops,
          kennysheep_mini, uniq_joseph
D:10:     layout_big_octagon, kennysheep_another_room
Temple:   regret_index_temple_generic_petals
Lair:1:   layout_loops_ring, infiniplex_staircase_pool_2, grunt_megastairs_5
Lair:2:   beast_lair_carwin_large_2, layout_cellular_growth,
          portal_ice_cave_entry_ice_beasts, fungi_pond_lemuel, lemuel_fruit_tree
Lair:3:   minmay_guarded_unrand_snakebite, layout_cave_pods,
          minmay_swamp_entry_worms, nicolae_spider_entry_tight_spaces,
          kennysheep_snail_temple

Skill      XL: |  1  2  3  4  5  6  7  8  9 10 11 12 |
---------------+-------------------------------------+-----
Earth Magic    | 4 5 6 7 9 10 13 15 | 15.1
Shields        | 5 |  5.1
Spellcasting   | 4 6 |  6.1
Conjurations   | 7 10 | 10.1
Stealth        | 7 |  7.5
Maces & Flails | |  0.2
Dodging        | |  2.0
Transmutations | |  1.0

Action                   |  1- 3 |  4- 6 |  7- 9 | 10-12 || total
-------------------------+-------+-------+-------+-------++-------
Melee: Dagger            |    43 |    51 |    99 |       ||   193
       Constrict         |    11 |    14 |    42 |    57 ||   124
       Unarmed           |     1 |       |       |       ||     1
       Tentacles         |     5 |    12 |    37 |    76 ||   130
       Short sword       |       |       |    77 |   283 ||   360
       Trident           |       |       |       |    55 ||    55
       Whip              |       |       |       |    11 ||    11
 Cast: Sandblast         |     9 |    30 |    38 |    63 ||   140
       Petrify           |       |       |    14 |    48 ||    62
       Lee's Rapid Decon |       |       |       |    55 ||    55
       Stone Arrow       |       |       |       |    55 ||    55
  Use: Potion            |     2 |       |       |       ||     2
       Scroll            |       |       |       |     2 ||     2
 Stab: Sleeping          |     5 |     6 |    11 |     4 ||    26
       Distracted        |       |     1 |     2 |       ||     3
       Petrified         |       |       |    27 |    57 ||    84
       Petrifying        |       |       |     2 |     1 ||     3
  Eat: Chunk             |     3 |     7 |    12 |    34 ||    56
       Ration            |       |       |     1 |     5 ||     6
Armor: Skin              |     7 |     9 |    21 |    57 ||    94
Dodge: Dodged            |    23 |    43 |    72 |   154 ||   292
Block: Buckler           |       |       |    65 |   208 ||   273
       Reflection        |       |       |       |     3 ||     3
